 Dungeon Sprint DCSS version 0.24-a0-250-g6074511092 (webtiles) character file.

Game seed: 127648562068056088

2165 Redear the Fighter (level 9, -9/118 HPs)
             Began as a Demonspawn Fighter on Apr 15, 2019.
             Was the Champion of Makhleb.
             Mangled by a 13-headed hydra (13 damage)
             ... in the Dungeon (Sprint VII: "The Pits").
             The game lasted 00:05:34 (536 turns).

Redear the Fighter (Demonspawn Fighter)              Turns: 536, Time: 00:05:35

Health: -9/118     AC: 14    Str: 23    XL:     9   Next: 10%
Magic:  14/14      EV:  9    Int: 10    God:    Makhleb [******]
Gold:   0          SH: 12    Dex: 14    Spells: 8/8 levels left

rFire    . . .     SeeInvis .   f - +2 falchion
rCold    . . .     Gourm    .   c - +0 shield
rNeg     . . .     Faith    .   n - +3 scale mail
rPois    .         Spirit   .   (no helmet)
rElec    .         Reflect  .   (no cloak)
rCorr    .         Harm     .   (no gloves)
MR       .....     NoTele   +   (no boots)
Stlth    ..........             (no amulet)
HPRegen  0.29/turn              (no ring)
MPRegen  0.14/turn              (no ring)

@: mighty, berserking, lethally poisoned (-9 -> -10), very slightly
contaminated, invisible (expiring), very quick
A: talons 2, slimy green scales 2, powered by pain 1
a: Minor Destruction, Lesser Servant of Makhleb, Major Destruction, Greater
Servant of Makhleb, Renounce Religion


You were in the Dungeon.
You worshipped Makhleb.
Makhleb was exalted by your worship.
You were not hungry.

You visited 1 branch

Inventory:

Hand Weapons
 a - a +0 long sword
 e - a +2 dagger
 f - a +2 falchion (weapon)
Armour
 b - a +0 scale mail
 c - a +0 shield (worn)
 n - a +3 scale mail (worn)
 o - a +3 chain mail
 t - a +0 cloak
 u - a +0 cloak
Magical Staves
 m - an uncursed staff of energy {channel}
Jewellery
 q - a +3 ring of strength
 v - a +3 ring of evasion
Scrolls
 k - 5 scrolls of amnesia
 l - a scroll of summoning
 B - a scroll of blinking {@r4}
 N - 3 scrolls of remove curse
Potions
 d - 2 potions of might {Str+5 DMG+1d10 | @q3}
 h - a potion of invisibility
 i - 4 potions of magic
 j - 2 potions of berserk rage
 r - a potion of resistance {rF+ rC+ rPois rElec rCorr}
 s - a potion of agility {Stlth+ Dex+5 EV+5 | @q4}
 w - 2 potions of brilliance {Archmagi Int+5 Wiz++}
 H - 3 potions of haste {@q5}
 Q - 4 potions of curing {@q2}
Comestibles
 p - 2 chunks of flesh
 z - 9 rations


   Skills:
 + Level 10.4 Fighting
 + Level 9.4 Long Blades
 + Level 9.6 Armour
 + Level 9.6 Shields
 + Level 7.7 Invocations


You had 8 spell levels left.
You didn't know any spells.
Your spell library was empty.

Dungeon Overview and Level Annotations

Branches:
Dungeon (1/1)

Altars:
Ashenzari
Cheibriados
Dithmenos
Elyvilon
Fedhas
Gozag
Hepliaklqana
Kikubaaqudgha
Makhleb
Nemelex Xobeh
Okawaru
Qazlal
Ru
Sif Muna
Trog
Uskayaw
Vehumet
Wu Jian
Xom
Yredelemnul
Zin
The Shining One
Beogh
Jiyva
Lugonu


Innate Abilities, Weirdness & Mutations

You have razor-sharp toenails.
You are mostly covered in slimy green scales. (AC +3)
You sometimes gain a little power by taking damage.


Message History

You slice one of the 12-headed hydra's heads off!
The 11-headed hydra grows two more!
You slash the 13-headed hydra! You claw the 13-headed hydra!
The 13-headed hydra is severely wounded.
The 13-headed hydra bites you.
* * * LOW HITPOINT WARNING * * *
You block the 13-headed hydra's attack. The 13-headed hydra bites you!
* * * LOW HITPOINT WARNING * * *
You focus on the pain.
You feel very mighty all of a sudden.
The 13-headed hydra bites you but does no damage.
The 13-headed hydra closely misses you. You block the 13-headed hydra's attack.
The 13-headed hydra bites you.
* * * LOW HITPOINT WARNING * * *
You block the 13-headed hydra's attack. The 13-headed hydra bites you!
* * * LOW HITPOINT WARNING * * *
You focus on the pain.
You feel your power returning.
The 13-headed hydra bites you but does no damage. x2
The 13-headed hydra barely misses you. The 13-headed hydra bites you!
You die...

###......#..#......#
.##................#
'#####'#####''######
.##.......##'†#####
.##.......##..)...+ +
###.......##......+ .+
.##...<...##.....##..##
.##.......##...###....##
.##.......##..##@.......
###.......##''#.D.#..#..
.###########.)).........
############++#...#..#..
#....#...[# ##.......
#....#...[# ###....##
)....'..))# #..##
#....#..))# ..+
#....#..))# .+


You could see a 13-headed hydra.

Vanquished Creatures
  Sonja (D)
  A manticore (D)
  A merfolk siren (D)
  Eustachio (D)
  Menkaure (D)
  A floating eye (D)
  4 wolves (D)
  4 killer bees (D)
  2 orc priests (D)
  A quasit (D)
  3 orc wizards (D)
  A mummy (D)
  A river rat (D)
  A white imp (D)
  An ufetubus (D)
  An ooze (D)
  A worm (D)
  4 orcs (D)
  2 bat zombies (D)
  2 giant cockroaches (D)
  A hobgoblin (D)
  2 jackals (D)
  A bat (D)
  A frilled lizard (D)
  A quokka skeleton (D)
  A rat (D)
41 creatures vanquished.

Vanquished Creatures (others)
  An acid blob (D)
  An eye of draining (D)
2 creatures vanquished.

Grand Total: 43 creatures vanquished

Notes
Turn   | Place    | Note
-------+----------+-------------------------------------------
     0 | D        | Redear the Demonspawn Fighter began the quest for the Orb.
     0 | D        | Reached XP level 1. HP: 18/18 MP: 1/1
    10 | D        | Killed an acid blob
    52 | D        | Found a glowing golden altar of the Shining One.
    52 | D        | Found a glowing silver altar of Zin.
    52 | D        | Found a basalt altar of Yredelemnul.
    52 | D        | Found a shimmering altar of Xom.
    52 | D        | Found an ornate altar of the Wu Jian Council.
    52 | D        | Found a bloodstained altar of Trog.
    52 | D        | Found a deep blue altar of Sif Muna.
    52 | D        | Found a sacrificial altar of Ru.
    52 | D        | Found a stormy altar of Qazlal.
    52 | D        | Found an iron altar of Okawaru.
    52 | D        | Found a sparkling altar of Nemelex Xobeh.
    52 | D        | Found a burning altar of Makhleb.
    52 | D        | Found a viscous altar of Jiyva.
    52 | D        | Found a hazy altar of Hepliaklqana.
    52 | D        | Found an opulent altar of Gozag.
    52 | D        | Found a blossoming altar of Fedhas.
    52 | D        | Found a white marble altar of Elyvilon.
    52 | D        | Found a shadowy altar of Dithmenos.
    52 | D        | Found a snail-covered altar of Cheibriados.
    54 | D        | Found a corrupted altar of Lugonu.
    54 | D        | Found a radiant altar of Vehumet.
    54 | D        | Found a roughly hewn altar of Beogh.
    55 | D        | Found an ancient bone altar of Kikubaaqudgha.
    55 | D        | Found a hide-covered altar of Uskayaw.
    55 | D        | Found a shattered altar of Ashenzari.
    63 | D        | Became a worshipper of Makhleb the Destroyer
    79 | D        | Reached skill level 2 in Long Blades
    79 | D        | Reached skill level 3 in Armour
    79 | D        | Reached skill level 3 in Shields
    95 | D        | Reached * piety under Makhleb
    95 | D        | Gained mutation: You are partially covered in slimy green
                  | scales. (AC +2) [demonic ancestry]
    95 | D        | Reached XP level 2. HP: 13/24 MP: 2/2
   109 | D        | Reached ** piety under Makhleb
   178 | D        | Noticed a floating eye
   181 | D        | Noticed Menkaure
   182 | D        | Paralysed by a floating eye for 4 turns
   186 | D        | Killed a floating eye
   186 | D        | Reached skill level 5 in Fighting
   186 | D        | Reached skill level 4 in Long Blades
   186 | D        | Reached skill level 5 in Armour
   186 | D        | Reached skill level 4 in Shields
   186 | D        | Reached XP level 3. HP: 32/33 MP: 3/3
   186 | D        | Reached XP level 4. HP: 38/39 MP: 4/4
   203 | D        | Reached *** piety under Makhleb
   203 | D        | Reached skill level 5 in Shields
   203 | D        | Gained mutation: You sometimes gain a little power by
                  | taking damage. [demonic ancestry]
   203 | D        | Reached XP level 5. HP: 24/46 MP: 5/5
   212 | D        | Reached skill level 5 in Long Blades
   214 | D        | Reached **** piety under Makhleb
   214 | D        | Reached skill level 6 in Fighting
   220 | D        | Killed Menkaure
   220 | D        | Reached skill level 7 in Fighting
   220 | D        | Reached skill level 6 in Long Blades
   220 | D        | Reached skill level 6 in Armour
   220 | D        | Reached skill level 6 in Shields
   220 | D        | Gained mutation: You have sharp toenails. [demonic
                  | ancestry]
   220 | D        | Reached XP level 6. HP: 28/55 MP: 6/6
   265 | D        | Reached ***** piety under Makhleb
   297 | D        | Noticed Eustachio
   306 | D        | Reached skill level 7 in Armour
   306 | D        | Reached skill level 7 in Shields
   326 | D        | Reached skill level 8 in Fighting
   326 | D        | Reached skill level 7 in Long Blades
   328 | D        | Reached ****** piety under Makhleb
   335 | D        | Gained mutation: You have razor-sharp toenails. [demonic
                  | ancestry]
   335 | D        | Reached XP level 7. HP: 26/62 MP: 7/7
   371 | D        | Killed Eustachio
   464 | D        | Noticed a merfolk siren
   472 | D        | Reached skill level 8 in Armour
   472 | D        | Reached skill level 8 in Shields
   472 | D        | Reached skill level 2 in Invocations
   480 | D        | Reached skill level 9 in Fighting
   480 | D        | Reached skill level 8 in Long Blades
   480 | D        | Reached skill level 3 in Invocations
   490 | D        | Killed a merfolk siren
   490 | D        | Reached skill level 5 in Invocations
   490 | D        | Gained mutation: You are mostly covered in slimy green
                  | scales. (AC +3) [demonic ancestry]
   490 | D        | Reached XP level 8. HP: 44/71 MP: 8/11
   500 | D        | Noticed a seven-headed hydra
   501 | D        | Noticed a manticore
   507 | D        | HP: 4/72 [manticore (9)]
   509 | D        | Noticed Sonja
   514 | D        | Killed Sonja
   514 | D        | Reached skill level 10 in Fighting
   514 | D        | Reached skill level 9 in Long Blades
   514 | D        | Reached skill level 9 in Armour
   514 | D        | Reached skill level 9 in Shields
   514 | D        | Reached skill level 6 in Invocations
   523 | D        | Killed a manticore
   523 | D        | Reached skill level 7 in Invocations
   523 | D        | Reached XP level 9. HP: 32/79 MP: 2/14
   536 | D        | HP: 4/118 [13-headed hydra (9)]
   536 | D        | Mangled by a 13-headed hydra

Levels and vault maps discovered:
D:        pitsprint [storerooms_1, entrance_room_1, metal_vault_4, armoury_1,
          mini_pit_1, grid_room_1, main_hall_1, silver_pit, the_coven_3,
          the_vestibule_1, steel_vault_4, golden_pit, hallway_of_sentries,
          crystal_vault_1, iron_vault_4, final_vault]

Skill      XL: |  1  2  3  4  5  6  7  8 |
---------------+-------------------------+-----
Long Blades    | 2 4 6 7 8 9 |  9.4
Armour         | 3 5 6 7 8 9 |  9.6
Shields        | 3 4 5 6 7 8 9 |  9.6
Fighting       | 5 7 8 9 10 | 10.4
Invocations    | 5 7 |  7.7

Action                   |  1- 3 |  4- 6 |  7- 9 || total
-------------------------+-------+-------+-------++-------
Melee: Long sword        |    36 |       |       ||    36
       Falchion          |     4 |    85 |    79 ||   168
       Kick              |       |    13 |    23 ||    36
  Use: Potion            |       |     6 |     6 ||    12
 Stab: Invisible         |       |       |     6 ||     6
Armor: Scale mail        |    50 |    68 |    54 ||   172
Dodge: Dodged            |    15 |    38 |    41 ||    94
Block: Shield            |    24 |    67 |    69 ||   160
       Rpst.: Long sword |     4 |       |       ||     4
       Falchion          |       |    12 |     6 ||    18

Table legend:
 A = Non-vault XP
 B = Vault XP
 C = Vault XP percentage of total XP
 D = Non-vault monster count
 E = Vault monster count
 F = Vault count percentage of total count
                 A         B        C        D         E       F
            +---------+---------+-------+---------+---------+-------
      Total |       0 |    3093 | 100.0 |       0 |      42 | 100.0
            +---------+---------+-------+---------+---------+-------
          D |       0 |    3093 | 100.0 |       0 |      42 | 100.0
            +---------+---------+-------+---------+---------+-------
